 Dungeon Crawl Stone Soup version 0.29-a0-1052-g6990b1bffc (webtiles) character file.

Game seed: 3889012542245286317

252 yokelz the Carver (level 5, -3/45 HPs)
             Began as a Minotaur Berserker on Aug 17, 2022.
             Was a Believer of Trog.
             Slain by a scorpion (4 damage)
             ... on level 5 of the Dungeon.
             The game lasted 00:03:57 (3166 turns).

yokelz the Carver (Minotaur Berserker)              Turns: 3166, Time: 00:03:57

Health: -3/45      AC:  2    Str: 22    XL:     5   Next: 89%
Magic:  4/4        EV: 16    Int:  4    God:    Trog [**....]
Gold:   166        SH:  0    Dex: 11    Spells: 4/4 levels left

rFire   . . .      SeeInvis .   a - +0 falchion
rCold   . . .      Faith    .   (no shield)
rNeg    . . .      Spirit   .   b - +0 animal skin
rPois   .          Reflect  .   (helmet restricted)
rElec   .          Harm     .   (no cloak)
rCorr   .          Rampage  .   (no gloves)
Will    .....                   (no boots)
Stlth   +.........              (no amulet)
HPRegen 0.15/turn               g - +4 ring of evasion
MPRegen 0.09/turn               (no ring)

@: lethally poisoned (-3 -> -7), attractive
A: horns 2, retaliatory headbutt
a: Renounce Religion, Berserk, Trog's Hand


You were on level 5 of the Dungeon.
You worshipped Trog.
Trog was pleased with you.
You visited 1 branch of the dungeon, and saw 6 of its levels.

You collected 166 gold pieces.

Inventory:

Hand Weapons
 a - a +0 falchion (weapon)
Missiles
 h - 4 curare-tipped darts (quivered)
 j - 2 javelins
Armour
 b - a +0 animal skin (worn)
Jewellery
 g - a +4 ring of evasion (left hand)
 i - a ring of ice
Scrolls
 c - 4 scrolls of identify {unknown}
 d - 3 scrolls of teleportation {unknown}
 n - a scroll of fog {unknown}
Potions
 e - 2 potions of attraction
 f - a potion of curing {unknown}
 k - 3 potions of cancellation {unknown}
 l - a potion of berserk rage {unknown}
 m - a potion of might {unknown}


   Skills:
 - Level 3.6 Fighting
 + Level 8.0 Long Blades
 - Level 2.4 Armour
 - Level 2.1 Dodging


You had 4 spell levels left.
You didn't know any spells.
Your spell library was empty.

Dungeon Overview and Level Annotations

Branches:
Dungeon (7/15)
 Temple: D:4-7

Altars:
Dithmenos
Elyvilon
Makhleb
Nemelex Xobeh
Okawaru
Ru
Uskayaw
Wu Jian
The Shining One


Innate Abilities, Weirdness & Mutations

You have a pair of horns on your head.
You reflexively headbutt those who attack you in melee.


Message History

The scorpion poisons you!
You feel very sick.
Found an escape hatch in the ceiling.
You feel very sick. The scorpion closely misses you.
The scorpion attacks as you move away! The scorpion stings you.
You feel sick. The scorpion stings you.
You are more poisoned.
The scorpion poisons you!
Found 10 gold pieces.
You feel very sick.
You feel very sick. The scorpion attacks as you move away!
The scorpion misses you.
You feel sick. The scorpion attacks as you move away!
The scorpion barely misses you.
A bullfrog comes into view.
You feel sick.
A necrophage comes into view.
You feel sick. The scorpion stings you.
* * * LOW HITPOINT WARNING * * *
You are lethally poisoned!
The scorpion poisons you!
Found a cyan potion.
* * * LOW HITPOINT WARNING * * *
You feel sick.
There is an escape hatch in the ceiling here.
* * * LOW HITPOINT WARNING * * *
You feel very sick.
The bullfrog croaks.
The scorpion misses you. A mysterious force pulls you upwards.
The hatch slams shut behind you.
You hear the hiss of flowing sand.
There is an entrance to an ossuary on this level.
Hurry and find it before the portal is buried!
Reactivating autopickup.
* * * LOW HITPOINT WARNING * * *
You feel sick.
It was a potion of attraction.
You feel attractive to monsters.
* * * LOW HITPOINT WARNING * * *
You feel sick. The scorpion stings you.
You die...

######
+@s..#
#....+
#....#
####+#


You could see a scorpion.

Vanquished Creatures
  2 orc priests
  2 orc wizards (D:3)
  4 gnolls (D:3)
  3 adders
  A worm (D:2)
  A dart slug (D:2)
  11 orcs
  4 ball pythons
  A bat (D:1)
  6 endoplasms
  2 giant cockroaches
  5 goblins (D:2)
  A hobgoblin (D:1)
  5 jackals (D:3)
  4 quokkas
  3 frilled lizards
  4 kobolds
  5 rats
64 creatures vanquished.

Notes
Turn   | Place    | Note
-------+----------+-------------------------------------------
     0 | D:1      | yokelz the Minotaur Berserker began the quest for the Orb.
     0 | D:1      | Reached XP level 1. HP: 19/19 MP: 0/0
   143 | D:1      | Reached skill level 4 in Long Blades
   448 | D:1      | Reached XP level 2. HP: 25/26 MP: 1/1
   936 | D:2      | Reached skill level 5 in Long Blades
   963 | D:2      | Reached XP level 3. HP: 12/31 MP: 2/2
  1434 | D:2      | Reached ** piety under Trog
  1577 | D:2      | Found a faded altar of an unknown god.
  1812 | D:3      | Found a hide-covered altar of Uskayaw.
  1815 | D:3      | Found a shadowy altar of Dithmenos.
  1822 | D:3      | Found a white marble altar of Elyvilon.
  1823 | D:3      | Found a sacrificial altar of Ru.
  1825 | D:3      | Found a sparkling altar of Nemelex Xobeh.
  1825 | D:3      | Found a glowing golden altar of the Shining One.
  1826 | D:3      | Found a burning altar of Makhleb.
  1828 | D:3      | Found an iron altar of Okawaru.
  1832 | D:3      | Found an ornate altar of the Wu Jian Council.
  1883 | D:3      | Reached skill level 6 in Long Blades
  1883 | D:3      | Reached XP level 4. HP: 23/39 MP: 3/3
  2582 | D:3      | Reached skill level 7 in Long Blades
  2582 | D:3      | Reached XP level 5. HP: 28/45 MP: 4/4
  2911 | D:3      | You fall into a shaft and drop 3 floors!
  2966 | D:6      | Reached skill level 8 in Long Blades
  3165 | D:5      | Entered Level 5 of the Dungeon
  3166 | D:5      | HP: 1/45 [poisoned by a scorpion]
  3166 | D:5      | Slain by a scorpion

Illustrated notes

Levels and vault maps discovered:
D:1:      dpeg_arrival_concentric_ovals, layout_loops_ring
D:2:      layout_rooms, shapermc_ecumenical_altar_totnotflames
D:3:      layout_basic, nicolae_overflow_hallway_of_the_gods, st_stairs_3,
          kennysheep_orc_chapel
D:5:      layout_gridville, nicolae_ossuary_entry_ruins
D:6:      layout_rooms
D:7:      layout_basic, lemuel_tele_altar, minmay_temple_entry_statues

Skill      XL: |  1  2  3  4  5 |
---------------+----------------+-----
Long Blades    | 4 5 6 7 8 |  8.0
Fighting       | |  3.6
Armour         | |  2.4
Dodging        | |  2.1

Action                   |  1- 3 |  4- 6 || total
-------------------------+-------+-------++-------
Melee: Falchion          |    94 |    73 ||   167
       Headbutt          |     7 |     8 ||    15
Throw: Dart              |     2 |       ||     2
Invok: Berserk           |     1 |     2 ||     3
  Use: Potion            |       |     1 ||     1
 Stab: Sleeping          |     2 |       ||     2
Armor: Animal skin       |    10 |     5 ||    15
Dodge: Dodged            |    72 |    52 ||   124

Table legend: (Time is in decaauts)
 A = Elapsed time spent in this place.
 B = Non-inter-level travel time spent in this place.
 C = Inter-level travel time spent in this place.
 D = Time resting spent in this place.
 E = Time spent auto-exploring this place.
 F = Levels seen in this place.
 G = Mean time per level.
                   A        B        C        D        E       F      G
               +--------+--------+--------+--------+--------+-----+--------+
         Total |   3195 |   3148 |     47 |    754 |   1928 |   6 |  532.5 |
       Dungeon |   3195 |   3148 |     47 |    754 |   1928 |   6 |  532.5 |
               +--------+--------+--------+--------+--------+-----+--------+

Top non-repeatable levels by time:
     D:3: 1272 daAuts
     D:1: 925 daAuts
     D:2: 743 daAuts
     D:6: 251 daAuts
     D:7: 1 daAuts
     D:5: 0 daAuts
